 Dungeon Crawl Stone Soup version 0.32-a0-131-g9dbbe29261 (webtiles) character file.

Game seed: 6039644009139732030

1635 Ambrosia the Digger (level 8, -7/49 HPs)
             Began as a Gargoyle Earth Elementalist on Feb 8, 2024.
             Was an Initiate of Vehumet.
             Killed from afar by an acid dragon (23 damage)
             ... with a splash of acid
             ... on level 6 of the Dungeon.
             The game lasted 00:11:01 (6443 turns).

Ambrosia the Digger (Gargoyle Earth Elementalist)   Turns: 6443, Time: 00:11:01

Health: -7/49      AC:  4    Str: 11    XL:     8   Next: 98%
Magic:  0/15       EV: 12    Int: 25    God:    Vehumet [......]
Gold:   300        SH:  0    Dex: 10    Spells: 5/16 levels left

rFire   . . .        f - +7 quarterstaff (spect)
rCold   + . .        (shield currently unavailable)
rNeg    + . .        a - +2 robe
rPois   ∞            (no helmet)
rElec   +            b - +1 cloak
rCorr   .            (no gloves)
SInv    .            (no boots)
Will    .....        (no amulet)
Stlth   ++           i - +6 ring of intelligence
HPRegen 0.28/turn    C - ring of protection from cold {rC+}
MPRegen 0.14/turn

%: no passive effects
@: about to teleport, corroded
A: sickness immunity, AC +5, negative energy resistance 1, electricity
resistance, torment resistance 1, petrification resistance
a: Renounce Religion


You were on level 6 of the Dungeon.
You worshipped Vehumet.
Vehumet was noncommittal.
You visited 2 branches of the dungeon, and saw 7 of its levels.
You also visited: Sewer.

You collected 440 gold pieces.
You spent 140 gold pieces at shops.

Inventory:

Hand Weapons
 c - a +1 short sword of venom
   (You took it off a kobold on level 1 of the Dungeon)
 f - a +7 spectral quarterstaff (weapon)
   (You took it off Crazy Yiuf on level 2 of the Dungeon)
 g - a +1 heavy quarterstaff
   (You found it on level 4 of the Dungeon)
Missiles
 e - a throwing net {=f, !d}
Armour
 a - a +2 robe (worn)
 b - a +1 cloak (worn)
   (You took it off Crazy Yiuf on level 2 of the Dungeon)
Jewellery
 i - a +6 ring of intelligence (left hand)
   (You found it on level 4 of the Dungeon)
 r - an amulet of guardian spirit
   (You found it on level 5 of the Dungeon)
 C - a ring of protection from cold (right hand) {rC+}
   (You bought it in a shop on level 5 of the Dungeon)
Scrolls
 o - 3 scrolls of poison
Potions
 h - a potion of ambrosia
 j - 2 potions of curing {unknown}
 k - 3 potions of cancellation {unknown}
 l - a potion of magic
 n - a potion of might
 p - 2 potions of attraction {unknown}
 q - a potion of invisibility
 s - a potion of enlightenment {unknown}


   Skills:
 * Level 5.1 Fighting
 + Level 3.5 Armour
 + Level 3.2 Dodging
 - Level 2.1 Stealth
 * Level 4.9 Spellcasting
 * Level 5.3 Conjurations
 * Level 6.9 Earth Magic


You had 5 spell levels left.
You knew the following spells:

 Your Spells              Type           Power      Damage    Failure   Level
a - Sandblast             Erth           80%        2d17      1%          1
f - Brom's Barrelling Bo  Conj/Erth      36%        2d6       7%          4
p - Passwall              Erth           40%        N/A       1%          3
z - Stone Arrow           Conj/Erth      72%        3d11      1%          3

Your spell library contained the following spells:

 Spells                   Type           Power      Damage    Failure   Level
 Sting                    Conj/Alch      76%        1d7       2%          1
 Necrotise                Necr           24%        1d5       9%          1
 Dazzling Flash           Conj/Hex       38%        N/A       9%          3
 Mercury Vapours          Alch/Air       12%        N/A       13%         2
 Petrify                  Alch/Erth      23%        N/A       21%         4
 Vampiric Draining        Necr           6%         2d6       26%         3
 Volatile Blastmotes      Fire/Tloc      12%        2d11      26%         3
 Martyr's Knell           Necr/Summ      6%         N/A       63%         4
 Olgreb's Toxic Radiance  Alch           6%         N/A       63%         4
 Curse of Agony           Necr           6%         N/A       93%         5
 Starburst                Conj/Fire      9%         6d5       99%         6
 Maxwell's Capacitive Co  Air            3%         ∞         100%        8


Dungeon Overview and Level Annotations

Branches:
Dungeon (6/15) Zot: 26667  Temple (1/1) D:4 Zot: 5925   Sewer (visited)

Altars:
Ashenzari
Cheibriados
Elyvilon
Fedhas
Gozag
Hepliaklqana
Kikubaaqudgha
Makhleb
Okawaru
Qazlal
Sif Muna
Uskayaw
Vehumet
Xom
Zin
The Shining One

Shops:
D:5 ***[((

Annotations:
D:6 1 runed translucent door, Bravepunisher's ghost, weakling SpMo


Innate Abilities, Weirdness & Mutations

You are immune to sickness and miasma.
Your stone body is resilient. (AC +5)
You are immune to poison.
You resist negative energy. (rN+)
You are resistant to electric shocks. (rElec)
You are resistant to unholy torment.
You are immune to petrification.


Message History

Casting: Sandblast (safe; 1% risk of failure)
You don't know that spell.
The killer bee barely misses you.
You see here an adder corpse.
The killer bee attacks as it pursues you!
The killer bee stings you but does no damage.
The killer bee barely misses you.
The killer bee attacks as it pursues you!
The killer bee stings you. The killer bee closely misses you.
You take 1 damage, and have 48/49 hp.
A phantom and a shadow imp come into view.
The killer bee attacks as it pursues you!
The killer bee stings you but does no damage.
The killer bee barely misses you.
The shadow imp moves out of view.
Health restored: 49
Casting: Sandblast (safe; 1% risk of failure)
Aiming: Brom's Barrelling Boulder (dangerous; 7% risk of failure)
Press: ? - help, Dir - move target, f - you There's a thick-headed creature in the way.
Okay, then.
Casting: Brom's Barrelling Boulder (dangerous; 7% risk of failure)
Aiming: Stone Arrow (dangerous; 2% risk of failure)
Press: ? - help, Shift-Dir - straight line, f - killer bee
Aim: a killer bee (48% to hit)
The stone arrow hits the killer bee!!
You kill the killer bee!
Vehumet accepts your kill. The killer bee closely misses you.
You now have 4/15 mp.
Casting: Stone Arrow (safe; 1% risk of failure)
Aiming: Stone Arrow (safe; 1% risk of failure)
Press: ? - help, Shift-Dir - straight line, f - killer bee
Aim: a killer bee (48% to hit)
The stone arrow hits the killer bee!
The killer bee closely misses you.
The killer bee stings you but does no damage.
You now have 1/15 mp.
You barely miss the killer bee. The killer bee closely misses you.
The killer bee barely misses you.
You completely miss the killer bee. The killer bee misses you.
The killer bee barely misses you.
An acid dragon comes into view.
The killer bee stings you. The shadow imp gestures at you.
Pain shoots through your body!
You take 7 damage, and have 42/49 hp.
Unknown command.
Unknown command.
Aiming: Sandblast (safe; 1% risk of failure)
Press: ? - help, Q - select action, (/) - cycle Shift-Dir - straight line, f/p - killer bee
Aim: a killer bee (severely wounded, 69% to hit)
The blast of sand hits the killer bee.
You kill the killer bee!
Vehumet accepts your kill.
The acid dragon roars!
The shadow imp hits you.
The phantom hits you but does no damage.
You take 5 damage, and have 37/49 hp.
You closely miss the shadow imp. The shadow imp misses you.
The acid dragon spits acid at you. The splash of acid hits you!
You take 7 damage, and have 30/49 hp.
Aiming: Sandblast (safe; 1% risk of failure)
Press: ? - help, Q - select action, (/) - cycle Shift-Dir - straight line, f - acid dragon
Aim: an acid dragon (catching its breath, 85% to hit)
The blast of sand hits the acid dragon.
The shadow imp hits you. The shadow imp barely misses you.
You take 3 damage, and have 27/49 hp.
You now have 0/15 mp.
You hit the acid dragon. The acid dragon spits acid at you.
The splash of acid hits you. The acid corrodes you!
The shadow imp barely misses you.
You take 4 damage, and have 23/49 hp.
You hit the acid dragon but do no damage.
An ice beast comes into view.
The acid dragon barely misses you. The acid dragon misses you.
The shadow imp hits you but does no damage.
The acid dragon spits acid at you. The splash of acid hits you!!
* * * LOW HITPOINT WARNING * * *
The acid corrodes you!
The shadow imp hits you but does no damage.
You hear an angry hiss.
You take 22 damage, and have 1/49 hp.
MASSIVE DAMAGE!!
You feel much better. The acid dragon bites you!
The acid dragon barely misses you.
You regained 22 hp, and now have 23/49 hp.
Really read
d - a scroll of teleportation {!r!d, @r3}?
As you read the scroll of teleportation {!r!d, @r3}, it crumbles to dust.
You feel strangely unstable. The acid dragon bites you!
The acid dragon claws you.
You take 7 damage, and have 16/49 hp.
Unknown command.
Aiming: Sandblast (safe; 1% risk of failure)
Press: ? - help, Q - select action, (/) - cycle Shift-Dir - straight line, f/p - acid dragon
Aim: an acid dragon (moderately wounded, 85% to hit)
The blast of sand hits the acid dragon!
The phantom misses you. The acid dragon spits acid at you.
The splash of acid hits you!!
You die...

### ...#..# .. ....
....... .......
....... .#..#.# ....#
.$. ..# <..# #..
#.#..# #.. #.#.#
#..####.#.#
#.5W@DY.#†###.#
......#####.......###
##### #.#.###....
#.......# # ###.#####
#....# ####.# #######
#.# ####.....## #.#


You could see an acid dragon (catching breath), an ice beast, a phantom and a
shadow imp.

Vanquished Creatures
  Pikel (D:4)
  A sky beast (D:6)
  A black bear (D:5)
  A phantom (D:4)
  2 kobold brigands (Sewer)
  A brain worm (Sewer)
  2 scorpions (D:5 D:6)
  3 killer bees (D:6)
  A jelly (D:6)
  An orc priest (D:4)
  Crazy Yiuf (D:2)
  3 iguanas (D:4 D:5 D:6)
  2 orc wizards (D:4 D:5)
  A sleepcap (D:6)
  A gnoll (D:1)
  9 adders (D:2 Sewer D:3 D:4 D:5)
  2 ufetubi (D:5)
  2 dart slugs (D:4 D:5)
  2 ribbon worms (D:2 D:3)
  10 orcs (D:4 D:5)
  5 endoplasms (D:1 D:3 Sewer)
  3 giant cockroaches (D:3 Sewer)
  7 goblins (D:1 D:2 D:3 D:4)
  5 hobgoblins (D:1 D:3)
  8 jackals (D:4 D:5)
  5 quokkas (D:1 D:4)
  5 ball pythons (D:2 Sewer D:3)
  7 bats (D:1 D:2 D:3 Sewer)
  2 frilled lizards (D:2 D:3)
  18 kobolds (D:1 D:2 Sewer D:3)
  9 rats (D:1 Sewer)
121 creatures vanquished.

Vanquished Creatures (collateral kills)
  2 boulders (D:6)
2 creatures vanquished.

Vanquished Creatures (others)
  2 boulders (D:6)
2 creatures vanquished.

Grand Total: 125 creatures vanquished

Notes
Turn   | Place    | Note
-------+----------+-------------------------------------------
     0 | D:1      | Ambrosia the Gargoyle Earth Elementalist began the quest
                  | for the Orb.
     0 | D:1      | Reached XP level 1. HP: 10/10 MP: 3/3
   218 | D:1      | Reached XP level 2. HP: 16/16 MP: 3/5
   689 | D:1      | Reached skill level 1 in Fighting
   823 | D:1      | Reached XP level 3. HP: 13/20 MP: 1/6
  1040 | D:1      | Reached skill level 4 in Earth Magic
  1117 | D:1      | Learned a level 3 spell: Stone Arrow
  1838 | D:2      | Found a runed translucent door.
  1839 | D:2      | Noticed Crazy Yiuf
  2148 | D:3      | Reached XP level 4. HP: 25/25 MP: 4/7
  2244 | D:3      | Found an opulent altar of Gozag.
  2333 | D:3      | Found a glowing drain.
  2337 | D:3      | Reached skill level 2 in Conjurations
  2369 | Sewer    | Entered a sewer
  2418 | Sewer    | Noticed a kobold brigand
  2425 | Sewer    | Killed a kobold brigand
  2426 | Sewer    | Reached skill level 2 in Fighting
  2426 | Sewer    | Reached skill level 1 in Armour
  2426 | Sewer    | Reached XP level 5. HP: 17/30 MP: 0/9
  2426 | Sewer    | HP: 15/30 [kobold/+0 dagger (2)]
  2548 | Sewer    | Learned a level 3 spell: Passwall
  2651 | Sewer    | Reached skill level 2 in Dodging
  2705 | Sewer    | Reached skill level 3 in Spellcasting
  2776 | Sewer    | Reached XP level 6. HP: 36/36 MP: 0/10
  2892 | Sewer    | Reached skill level 3 in Conjurations
  3303 | D:3      | Reached skill level 5 in Earth Magic
  3417 | D:2      | Killed Crazy Yiuf
  3800 | D:4      | Reached skill level 2 in Armour
  3942 | D:5      | Entered Level 5 of the Dungeon
  4034 | D:4      | HP: 12/36 [orc priest/divine providence (13)]
  4037 | D:4      | Reached skill level 3 in Fighting
  4212 | D:4      | Reached XP level 7. HP: 29/41 MP: 3/12
  4291 | D:4      | Learned a level 4 spell: Brom's Barrelling Boulder
  4345 | D:4      | Found a staircase to the Ecumenical Temple.
  4356 | Temple   | Entered the Ecumenical Temple
  4393 | Temple   | Became a worshipper of Vehumet
  4727 | D:4      | Noticed Pikel
  4770 | D:4      | Killed Pikel
  4771 | D:4      | Reached skill level 4 in Fighting
  4771 | D:4      | Reached skill level 4 in Spellcasting
  4771 | D:4      | Reached skill level 4 in Conjurations
  4771 | D:4      | Reached skill level 6 in Earth Magic
  4771 | D:4      | Reached XP level 8. HP: 28/48 MP: 0/14
  4876 | D:4      | Found a hazy altar of Hepliaklqana.
  5241 | D:5      | Reached skill level 3 in Armour
  5392 | D:5      | Found Seuzaeb's Assorted Antiques.
  5394 | D:5      | Found Jaivaj Rai's Antique Armour Boutique.
  5419 | D:5      | Found Duagrea's Assorted Antiques.
  5423 | D:5      | Found Segeontu's Weapon Shop.
  5423 | D:5      | Found Nippuiri's Antique Weapon Shoppe.
  5485 | D:5      | Bought a twisted moonstone ring for 140 gold pieces
  5618 | D:5      | Reached skill level 3 in Dodging
  5838 | D:5      | Found an ancient bone altar of Kikubaaqudgha.
  5939 | D:5      | Found a shimmering blue altar of Sif Muna.
  6038 | D:5      | Found Xirewu Caamn's Assorted Antiques.
  6212 | D:6      | Found a runed translucent door.
  6212 | D:6      | Noticed Bravepunisher's ghost (weakling SpMo)
  6334 | D:6      | Reached skill level 5 in Conjurations
  6427 | D:6      | Reached skill level 5 in Fighting
  6439 | D:6      | HP: 23/49 [acid dragon/splash of acid (5)]
  6440 | D:6      | HP: 1/49 [acid dragon/splash of acid (22)]
  6443 | D:6      | Killed from afar by an acid dragon

Illustrated notes

Levels and vault maps discovered:
D:1:      minmay_arrival_doors, layout_basic
D:2:      cheibrodos_old_hovel, layout_loops_ring, uniq_crazy_yiuf_cottage
D:3:      layout_rooms, grunt_gozag_breadcrumbs, cheibrodos_sewer_entry_drain
D:4:      layout_loops_ring, mainiacjoe_overflow_alcove_1,
          minmay_temple_entry_stoned_glass, uniq_pikel
D:5:      layout_cave_pools, led_sif_pool, kiku_gazebo_pond_becter,
          serial_shops, shop, nicolae_wooded_promenade
D:6:      layout_loops_ring, bloody_trog, hellmonk_ghost_happy_afterlife
Temple:   minmay_temple_forest_path

Skill      XL: |  1  2  3  4  5  6  7  8 |
---------------+-------------------------+-----
Fighting       | 1 2 3 4 5 |  5.1
Earth Magic    | 4 5 6 |  6.9
Conjurations   | 2 3 4 5 |  5.3
Armour         | 1 2 3 |  3.5
Dodging        | 2 3 |  3.2
Spellcasting   | 3 4 |  4.9
Stealth        | |  2.1

Action                     |  1- 3 |  4- 6 |  7- 9 || total
---------------------------+-------+-------+-------++-------
  Melee: Unarmed           |     1 |       |       ||     1
         Short sword       |     3 |    17 |       ||    20
         Punch             |     1 |     2 |       ||     3
         Quarterstaff      |       |     4 |    17 ||    21
   Cast: Sandblast         |    47 |    58 |    44 ||   149
         Stone Arrow       |       |    14 |    20 ||    34
         Passwall          |       |     1 |     2 ||     3
         Brom's Barrelling |       |       |     4 ||     4
    Use: Scroll            |     8 |     9 |     2 ||    19
         Potion            |       |     6 |     1 ||     7
 Armour: Robe              |     4 |    50 |    68 ||   122
  Dodge: Dodged            |     8 |    49 |    86 ||   143

Table legend: (Time is in decaauts)
 A = Elapsed time spent in this place.
 B = Non-inter-level travel time spent in this place.
 C = Inter-level travel time spent in this place.
 D = Time resting spent in this place.
 E = Time spent auto-exploring this place.
 F = Levels seen in this place.
 G = Mean time per level.
                   A        B        C        D        E       F      G
               +--------+--------+--------+--------+--------+-----+--------+
         Total |   6557 |   6087 |    470 |    818 |   4329 |   8 |  819.6 |
       Dungeon |   5789 |   5391 |    398 |    572 |   4033 |   6 |  964.8 |
        Temple |     74 |      2 |     72 |      0 |      0 |   1 |   74.0 |
         Sewer |    693 |    693 |      0 |    246 |    296 |   1 |  693.0 |
               +--------+--------+--------+--------+--------+-----+--------+

Top non-repeatable levels by time:
     D:4: 1321 daAuts
     D:1: 1241 daAuts
     D:2: 1055 daAuts
     D:5: 957 daAuts
     D:3: 882 daAuts
   Sewer: 693 daAuts
     D:6: 330 daAuts
  Temple: 74 daAuts

Levels and vault maps discovered:
D:1:      minmay_arrival_doors, layout_basic
D:2:      cheibrodos_old_hovel, layout_loops_ring, uniq_crazy_yiuf_cottage
D:3:      layout_rooms, grunt_gozag_breadcrumbs, cheibrodos_sewer_entry_drain
D:4:      layout_loops_ring, mainiacjoe_overflow_alcove_1,
          minmay_temple_entry_stoned_glass, uniq_pikel
D:5:      layout_cave_pools, led_sif_pool, kiku_gazebo_pond_becter,
          serial_shops, shop, nicolae_wooded_promenade
D:6:      layout_loops_ring, bloody_trog, hellmonk_ghost_happy_afterlife
Temple:   minmay_temple_forest_path

Table legend: (Time is in decaauts)
 A = Elapsed time spent in this place.
 B = Non-inter-level travel time spent in this place.
 C = Inter-level travel time spent in this place.
 D = Time resting spent in this place.
 E = Time spent auto-exploring this place.
 F = Levels seen in this place.
 G = Mean time per level.
                   A        B        C        D        E       F      G
               +--------+--------+--------+--------+--------+-----+--------+
         Total |   6557 |   6087 |    470 |    818 |   4329 |   8 |  819.6 |
       Dungeon |   5789 |   5391 |    398 |    572 |   4033 |   6 |  964.8 |
        Temple |     74 |      2 |     72 |      0 |      0 |   1 |   74.0 |
         Sewer |    693 |    693 |      0 |    246 |    296 |   1 |  693.0 |
               +--------+--------+--------+--------+--------+-----+--------+

Top non-repeatable levels by time:
     D:4: 1321 daAuts
     D:1: 1241 daAuts
     D:2: 1055 daAuts
     D:5: 957 daAuts
     D:3: 882 daAuts
   Sewer: 693 daAuts
     D:6: 330 daAuts
  Temple: 74 daAuts

Table legend:
 A = Kills in this place as a percentage of kills in the entire game.
 B = Kills by you in this place as a percentage of kills by you in the entire game.
 C = Kills by friends in this place as a percentage of kills by friends in the entire game.
 D = Other kills in this place as a percentage of other kills in the entire game.
 E = Experience gained in this place as a percentage of experience gained in the entire game.
 F = Experience gained in this place divided by the number of levels of this place that you have seen.
                   A       B       C       D       E      F
               +-------+-------+-------+-------+-------+----------------------
         Total | 100.0 | 100.0 |   N/A |   N/A | 100.0 | 292.0
       Dungeon |  81.0 |  81.0 |   N/A |   N/A |  85.4 | 332.5
         Sewer |  19.0 |  19.0 |   N/A |   N/A |  14.6 | 341.0
               +-------+-------+-------+-------+-------+----------------------
